 Dungeon Crawl Stone Soup version 0.21-a0-78-g82a99e0 (webtiles) character file.

502 Spazmo the Conjurer (level 6, -2/32 HPs)
             Began as a Deep Elf Conjurer on June 21, 2017.
             Was an Initiate of Vehumet.
             Slain by an ice beast (12 damage)
             ... on level 5 of the Dungeon.
             The game lasted 00:12:00 (3302 turns).

Spazmo the Conjurer (Deep Elf Conjurer)             Turns: 3302, Time: 00:12:00

Health: -2/32      AC:  2    Str:  5    XL:     6   Next: 95%
Magic:  7/18       EV: 13    Int: 22    God:    Vehumet [......]
Gold:   168        SH:  0    Dex: 15    Spells: 8/19 levels left

rFire    + . .     SeeInvis .   a - +0 dagger (holy)
rCold    . . .     Gourm    .   (no shield)
rNeg     . . .     Faith    .   o - +0 robe {rF+}
rPois    +         Spirit   .   (no helmet)
rElec    .         Reflect  .   (no cloak)
rCorr    .         Harm     .   (no gloves)
MR       .....                  (no boots)
Stlth    +++.......             (no amulet)
HPRegen  0.10/turn              e - ring of wizardry
MPRegen  0.16/turn              (no ring)

@: drained
A: camouflage 1, poison resistance, evolution 1
a: Renounce Religion


You were on level 5 of the Dungeon.
You worshipped Vehumet.
Vehumet was noncommittal.
You were not hungry.

You visited 2 branches of the dungeon, and saw 6 of its levels.

You collected 168 gold pieces.

Inventory:

Hand Weapons
 a - a +0 dagger of holy wrath (weapon)
Missiles
 h - 155 stones (quivered)
Armour
 o - a +0 robe of fire resistance (worn)
Jewellery
 e - a ring of wizardry (left hand)
Scrolls
 f - 2 scrolls of identify
 i - 3 scrolls of remove curse
 l - a scroll of teleportation
 n - a scroll of enchant weapon {unknown}
 r - a scroll of immolation
Potions
 d - 2 potions of heal wounds
 g - a potion of invisibility
 j - a potion of flight
 m - 3 potions of curing
Books
 b - a book of Conjurations

   Spells                             Type                      Level
   a - Magic Dart                     Conjuration                  1
   b - Searing Ray                    Conjuration                  2
   c - Dazzling Spray                 Conjuration/Hexes            3
   d - Fulminant Prism                Conjuration/Hexes            4
   e - Force Lance                    Conjuration/Translocation    4
   f - Iskenderun's Mystic Blast      Conjuration                  4
Comestibles
 c - 4 bread rations
 k - 2 meat rations


   Skills:
 - Level 2.4(2.1) Dodging
 - Level 2.4(2.1) Stealth
 + Level 7.2(6.9) Spellcasting
 + Level 7.3(7.0) Conjurations


You had 8 spell levels left.
You knew the following spells:

 Your Spells              Type           Power        Failure   Level  Hunger
a - Magic Dart            Conj           ####         1%          1    None
b - Searing Ray           Conj           #####.       1%          2    None
c - Force Lance           Conj/Tloc      ###.....     8%          4    ###....
d - Iskenderun's Mystic   Conj           #####...     1%          4    ###....


Dungeon Overview and Level Annotations

Branches:
Dungeon (5/15)             Temple (1/1) D:4

Altars:
Ashenzari
Dithmenos
Elyvilon
Hepliaklqana
Makhleb
Okawaru
Qazlal
Sif Muna
Trog
Uskayaw
Vehumet
Wu Jian
Xom
Yredelemnul
Zin

Annotations:
D:5 DemiseSR's ghost, novice MiFi


Innate Abilities, Weirdness & Mutations

Your skin changes colour to match your surroundings (Stealth+).
Your system is resistant to poisons. (rPois)
You evolve.


Message History

The searing ray hits the ice beast.
The ice beast is severely wounded.
You finish channeling your searing ray.
Casting: Searing Ray
Confirm with . or Enter, or press ? or * to list all spells.
Aiming: Searing Ray
Press: ? - help, Shift-Dir - straight line, f - ice beast
Aim: an ice beast (severely wounded)
The searing ray misses the ice beast.
The searing ray hits the orc.
You kill the orc!
Vehumet accepts your kill. (Press . to maintain the ray.)
The orc priest shouts!
The ice beast hits you. The ice beast freezes you!
The searing ray hits the ice beast.
The ice beast is severely wounded.
The orc priest calls upon Beogh to heal the orc wizard.
The orc wizard is healed somewhat.
The ice beast hits you. The ice beast freezes you!
You die...

........#...#
........##'###
+####+###......#
........#......#
........'....(.#
........#......#
##.###..#.>....#
.##.###..########
..oo).Y@..#
..........#
###########


You could see an ice beast, an orc priest and an orc wizard.

Vanquished Creatures
  Grinder (D:4)
  2 howler monkeys (D:4)
  A hound (D:4)
  A jelly (D:3)
  Jessica (D:2)
  A worker ant (D:4)
  A hound skeleton (D:5)
  Robin (D:2)
  2 adders (D:4)
  A shadow imp (D:5)
  An adder skeleton (D:4)
  2 worms
  2 dart slugs
  A leopard gecko (D:4)
  5 orcs
  3 giant cockroaches
  14 goblins
  11 hobgoblins
  2 jackals (D:1)
  3 kobolds
  A ball python (D:3)
  2 bats
  4 frilled lizards
  2 quokka skeletons (D:4)
  4 rats
69 creatures vanquished.

Notes
Turn   | Place    | Note
-------+----------+-------------------------------------------
     0 | D:1      | Spazmo the Deep Elf Conjurer began the quest for the Orb.
     0 | D:1      | Reached XP level 1. HP: 10/10 MP: 6/6
   286 | D:1      | Reached XP level 2. HP: 15/15 MP: 6/8
   290 | D:1      | Learned a level 2 spell: Searing Ray
   963 | D:2      | Reached XP level 3. HP: 18/19 MP: 0/10
  1050 | D:2      | Gained mutation: Your system is resistant to poisons. (rPois) [potion of mutation]
  1050 | D:2      | Gained mutation: You are robust. (+10% HP) [potion of mutation]
  1050 | D:2      | Gained mutation: Your spells are a little easier to cast, but a little less powerful. [potion of mutation]
  1050 | D:2      | Gained mutation: You have a pair of small horns on your head. [potion of mutation]
  1112 | D:2      | Noticed Jessica
  1119 | D:2      | Killed Jessica
  1119 | D:2      | Reached skill level 5 in Conjurations
  1179 | D:2      | Noticed Robin
  1290 | D:2      | Reached XP level 4. HP: 26/26 MP: 6/12
  1380 | D:2      | Learned a level 4 spell: Force Lance
  1385 | D:2      | Learned a level 4 spell: Iskenderun's Mystic Blast
  1410 | D:2      | Killed Robin
  1814 | D:3      | Lost mutation: You are robust. (+10% HP) [potion of mutation]
  1814 | D:3      | Lost mutation: You have a pair of small horns on your head. [potion of mutation]
  1814 | D:3      | Gained mutation: Your skin changes colour to match your surroundings (Stealth+). [potion of mutation]
  1814 | D:3      | Gained mutation: You evolve. [potion of mutation]
  1814 | D:3      | Lost mutation: Your spells are a little easier to cast, but a little less powerful. [potion of mutation]
  1942 | D:3      | Reached skill level 5 in Spellcasting
  2235 | D:4      | Noticed Grinder
  2247 | D:4      | Killed Grinder
  2247 | D:4      | Reached XP level 5. HP: 5/28 MP: 4/15
  2247 | D:4      | Reached XP level 6. HP: 6/32 MP: 4/17
  2436 | D:4      | Found a staircase to the Ecumenical Temple.
  2480 | Temple   | Entered the Ecumenical Temple
  2519 | Temple   | Became a worshipper of Vehumet
  2615 | D:4      | Found a hazy altar of Hepliaklqana.
  2986 | D:4      | Found a bloodstained altar of Trog.
  3069 | D:4      | Found an ornate altar of the Wu Jian Council.
  3072 | D:4      | Found a stormy altar of Qazlal.
  3075 | D:4      | Found a white marble altar of Elyvilon.
  3078 | D:4      | Found an iron altar of Okawaru.
  3162 | D:5      | Entered Level 5 of the Dungeon
  3165 | D:5      | Noticed DemiseSR's ghost (novice MiFi)
  3295 | D:5      | Noticed an ice beast
  3302 | D:5      | Slain by an ice beast

Vault maps used:
D:1:      zelgadis_glass_arrival_small
D:2:      wad_pebble_path, first_bread, uniq_robin, uniq_jessica
D:4:      grunt_temple_overflow_cloverleaf, marbit_many_paths,
          kennysheep_mini_moat, minmay_temple_entry_glassed_door, uniq_grinder
D:5:      kiku_gazebo_pond_becter, uniq_blork_the_orc
Temple:   kb_temple_of_zot

Skill      XL: |  1  2  3  4  5  6 |
---------------+-------------------+-----
Spellcasting   | 4 6 7 |  7.2
Conjurations   | 5 6 7 |  7.3
Dodging        | |  2.4
Stealth        | |  2.4

Action                   |  1- 3 |  4- 6 || total
-------------------------+-------+-------++-------
Melee: Club              |     3 |       ||     3
 Cast: Magic Dart        |    46 |    68 ||   114
       Searing Ray       |     3 |     8 ||    11
       Force Lance       |       |     2 ||     2
  Use: Potion            |     5 |     1 ||     6
       Scroll            |     3 |     4 ||     7
  Eat: Chunk             |     1 |     4 ||     5
       Royal jelly       |       |     1 ||     1
Armor: Robe              |     1 |       ||     1
Dodge: Dodged            |     4 |     2 ||     6
